Map: Hardwire LE

Players

Classic - Winner!

  • Race: Protoss Protoss

Harstem

  • Race: Protoss Protoss

VOD

Have the link to the VOD?

Description

Time

  • Played on: Oct. 21, 2021, 9:40 a.m.
  • Length: 9:02
Show
View Real Time Build Order
Export as new Build Order

Classic Protoss - Winner!

Build Orders: Phoenix Opening 

Get SALT Encoding   

  12  0:00  Probe  
  13  0:12  Probe  
  14  0:17  Pylon  
  14  0:24  Probe (Chrono Boost)  
  15  0:37  Probe (Chrono Boost)  
  15  0:38  Gateway  
  16  0:45  Probe (Chrono Boost)  
  16  0:46  Assimilator  
  17  0:51  Probe  
  18  0:57  Assimilator  
  18  1:03  Probe (Chrono Boost)  
  19  1:07  Gateway  
  19  1:12  Probe (Chrono Boost)  
  19  1:17  Probe (Chrono Boost)  
  21  1:27  Cybernetics Core  
  21  1:29  Probe  
  22  1:36  Pylon  
  22  1:41  Probe  
  23  1:54  Probe  
  24  2:04  Stargate  
  24  2:05  Stalker  
  26  2:11  Stalker  
  28  2:17  Pylon  
  28  2:31  Shield Battery  
  28  2:35  Stalker  
  30  2:38  Warp Gate  
  30  2:48  Phoenix (Chrono Boost)  
  32  3:07  Phoenix (Chrono Boost)  
  34  3:26  Nexus  
  32  3:31  Phoenix (Chrono Boost)  
  34  3:40  Pylon  
  34  3:41  Probe  
  35  3:47  Phoenix  
  37  3:58  Probe  
  38  4:10  Probe  
  38  4:13  Pylon  
  39  4:18  Phoenix  
  41  4:26  Stalker x2  
  41  4:27  Probe  
  46  4:39  Probe (Chrono Boost)  
  46  4:41  Probe (Chrono Boost)  
  46  4:42  Robotics Facility  
  48  4:49  Probe (Chrono Boost)  
  48  4:50  Probe (Chrono Boost)  
  50  4:54  Probe (Chrono Boost)  
  50  4:56  Probe  
  50  4:59  Adept x2  
  56  5:05  Probe  
  57  5:08  Probe  
  58  5:16  Pylon  
  58  5:19  Twilight Council, Assimilator  
  58  5:21  Probe  
  59  5:27  Immortal (Chrono Boost)  
  59  5:33  Probe x2  
  63  5:42  Shield Battery, Pylon  
  63  5:45  Probe x2  
  63  5:49  Assimilator  
  65  5:59  Immortal (Chrono Boost)  
  65  6:00  Resonating Glaives (Chrono Boost)  
  65  6:01  Probe x2  
  71  6:10  Gateway  
  71  6:12  Gateway  
  71  6:17  Gateway  
  71  6:20  Sentry  
  71  6:23  Gateway  
  73  6:29  Warp Prism (Chrono Boost)  
  73  6:43  Stalker x2  
  77  6:49  Gateway  
  73  6:56  Immortal  
  77  7:06  Adept x3  
  77  7:07  Adept  
  85  7:11  Pylon  
  85  7:14  Pylon  
  85  7:36  Adept x3  
  85  7:37  Adept x3  
  91  7:41  Pylon  
  95  7:59  Adept x6  
  107  8:08  Warp Prism (Chrono Boost)  
  103  8:18  Pylon  
  99  8:37  Adept x6  
  93  9:00  Adept x6  
Show
View Real Time Build Order
Export as new Build Order

Harstem Protoss 

Build Orders: Oracle Opening 

Get SALT Encoding   

  12  0:00  Probe  
  13  0:12  Probe  
  14  0:17  Pylon  
  14  0:25  Probe  
  15  0:36  Gateway  
  15  0:37  Probe (Chrono Boost)  
  16  0:47  Probe (Chrono Boost)  
  17  0:50  Assimilator  
  17  0:52  Probe (Chrono Boost)  
  18  0:57  Assimilator  
  18  1:03  Probe (Chrono Boost)  
  19  1:09  Gateway  
  19  1:13  Probe (Chrono Boost)  
  19  1:18  Probe (Chrono Boost)  
  20  1:24  Cybernetics Core  
  21  1:30  Probe  
  22  1:36  Pylon  
  22  1:42  Probe  
  23  1:54  Probe  
  24  2:03  Stargate, Stalker  
  26  2:11  Stalker  
  28  2:17  Pylon  
  28  2:21  Warp Gate  
  28  2:31  Pylon  
  28  2:46  Oracle (Chrono Boost)  
  31  2:56  Nexus  
  31  3:02  Shield Battery  
  31  3:05  Probe  
  35  3:27  Probe  
  36  3:29  Pylon  
  36  3:31  Twilight Council  
  33  3:39  Probe, Forge  
  34  3:51  Probe  
  34  3:55  Pylon  
  35  4:00  Blink (Chrono Boost)  
  35  4:03  Probe  
  35  4:09  Stalker  
  35  4:11  Probe  
  35  4:16  Stalker  
  38  4:19  Probe  
  38  4:21  Protoss Ground Weapons Level 1 (Chrono Boost)  
  39  4:26  Probe  
  40  4:31  Probe  
  40  4:34  Stalker  
  43  4:42  Stalker  
  43  4:43  Probe x2  
  47  4:55  Probe  
  47  4:57  Stalker  
  47  4:59  Probe  
  50  5:07  Probe  
  50  5:08  Stalker  
  50  5:13  Probe  
  54  5:15  Pylon  
  54  5:20  Probe  
  54  5:21  Stalker  
  57  5:25  Probe  
  53  5:28  Pylon  
  53  5:32  Probe, Stalker  
  56  5:37  Probe  
  57  5:44  Probe  
  57  5:45  Stalker  
  57  5:49  Probe  
  61  5:56  Probe  
  58  5:58  Stalker  
  58  6:02  Probe  
  61  6:08  Dark Shrine, Probe  
  62  6:12  Stalker  
  62  6:14  Probe, Nexus  
  62  6:16  Pylon  
  65  6:23  Probe (Chrono Boost)  
  65  6:24  Stalker  
  68  6:26  Probe (Chrono Boost)  
  67  6:33  Protoss Ground Weapons Level 2 (Chrono Boost)  
  67  6:35  Probe (Chrono Boost)  
  67  6:36  Probe (Chrono Boost)  
  66  6:40  Probe (Chrono Boost)  
  66  6:42  Stalker  
  66  6:44  Probe  
  70  6:52  Probe  
  59  6:54  Charge  
  70  6:56  Probe  
  70  6:57  Gateway  
  70  7:00  Gateway  
  71  7:04  Probe  
  71  7:07  Assimilator  
  72  7:13  Gateway  
  72  7:14  Gateway  
  72  7:17  Gateway  
  72  7:18  Probe, Gateway  
  72  7:20  Probe  
  74  7:27  Probe  
  75  7:30  Probe  
  75  7:32  Probe  
  77  7:37  Assimilator  
  77  7:40  Probe (Chrono Boost), Photon Cannon  
  77  7:41  Robotics Facility  
  77  7:43  Sentry  
  81  7:44  Probe x2 (Chrono Boost)  
  82  7:51  Shield Battery  
  82  7:52  Probe (Chrono Boost)  
  82  7:54  Zealot  
  82  7:57  Probe (Chrono Boost)  
  85  7:59  Zealot  
  85  8:00  Probe x2 (Chrono Boost)  
  85  8:02  Probe (Chrono Boost)  
  88  8:10  Stalker x2  
  88  8:11  Stalker  
  91  8:19  Shield Battery  
  84  8:20  Stalker  
  84  8:26  Pylon  
  82  8:28  Pylon  
  82  8:39  Zealot x2  
  75  8:42  Probe  
  63  8:48  Zealot  
Tags
 
Add a new tag
Caveats
  • Supply blocks, unpowered buildings, or Contaminate may cause inaccurate times.
  • Supply counts are checked every 10 seconds.